 Dungeon Crawl Stone Soup version 0.19-a0-1654-g9d3f708 (webtiles) character file.

1228 Amnesiac the Prestidigitator (level 8, -3/54 HPs)
             Began as a Mummy Artificer on Sept 21, 2016.
             Slain by an ogre
             ... wielding a +0 giant club
              (19 damage)
             ... on level 7 of the Dungeon.
             The game lasted 00:07:50 (4764 turns).

Amnesiac the Prestidigitator (Mummy Artificer)      Turns: 4764, Time: 00:07:51

Health: -3/54      AC:  9    Str: 15    XL:     8   Next: 23%
Magic:  4/4        EV:  6    Int: 11    God:
Gold:   122        SH:  0    Dex: 14    Spells: 0 memorised, 7 levels left

rFire  x . .     SeeInvis +     l - +4 whip (antimagic)
rCold  + . .     Gourm    .     o - +0 chain mail
rNeg   + + +     Faith    .     (no shield)
rPois  ∞         Spirit   .     (no helmet)
rElec  .         Dismiss  .     (no cloak)
rCorr  .         Reflect  .     (no gloves)
MR     +....     Harm     .     f - +0 pair of boots
Stlth  ..........               (no amulet)
                                (no ring)
                                j - ring of see invisible

@: no status effects
A: no food or potions, fire vulnerability, cold resistance 1, negative energy
resistance 3, torment resistance, unbreathing
a: no special abilities


You were on level 7 of the Dungeon.
You were not hungry.

You visited 1 branch of the dungeon, and saw 7 of its levels.

You collected 122 gold pieces.

Inventory:

Hand Weapons
 a - a +0 short sword
 b - a +1 dagger of protection
 l - a +4 antimagic whip (weapon)
 r - a +2 whip of flaming
 w - a +1 dagger of flaming
Missiles
 n - 6 javelins (quivered)
 q - 16 poisoned needles
Armour
 f - a +0 pair of boots (worn)
 o - a +0 chain mail (worn)
 v - a +1 robe of positive energy
Jewellery
 j - a ring of see invisible (left hand)
Wands
 c - a wand of flame (7/48)
 d - a wand of enslavement (11/24)
 e - a wand of random effects (0/48)
Scrolls
 g - a scroll of remove curse {unknown}
 h - 3 scrolls of identify {unknown}
 i - 2 scrolls of teleportation {unknown}
 k - a scroll of amnesia {unknown}
 m - 2 scrolls of recharging {unknown}
 p - a scroll of random uselessness {unknown}
 s - a scroll of enchant weapon {unknown}
 t - a scroll of fear {unknown}
 u - a scroll of enchant armour {unknown}


   Skills:
 - Level 1.0 Fighting
 - Level 1.0 Short Blades
 - Level 1.5 Dodging
 - Level 0.8 Stealth
 + Level 8.7 Evocations


You had 7 spell levels left.
You didn't know any spells.

Dungeon Overview and Level Annotations

Branches:
Dungeon (7/15)
 Temple: D:4-7

Altars:
Nemelex Xobeh

Shops:
D:6 *

Annotations:
D:7 Dowan, Duvessa


Innate Abilities, Weirdness & Mutations

You do not eat or drink.
Your flesh is vulnerable to fire.
You are immune to poison.
Your flesh is cold resistant. (rC+)
You are immune to negative energy. (rN+++)
You are immune to unholy pain and torment.
You can survive without breathing.


Message History

HP restored.
You open the door.
The ogre shouts!
The ogre is too close now for your liking.
An ogre is nearby!
You whack the ogre!
The ogre is moderately wounded.
The ogre hits you with a giant club.
You hit the ogre.
The ogre is heavily wounded.
The ogre hits you with a giant club!!
You hit the ogre.
The ogre is severely wounded.
The ogre hits you with a giant club!
* * * LOW HITPOINT WARNING * * *
Unknown command.
You hit the ogre.
The ogre is almost dead.
The ogre hits you with a giant club!!
You die...

#.......+......
#....####...... #....#
######. #....# #.....
########..<.#####.....
#...........##........
#)######..).##........
#)######....##........
#....@O'...)')[.......
#.######....##........
### #.......#........
#.......#########
#.......# #.......#
##+###... #.


You could see an ogre.

Vanquished Creatures
  Pikel (D:6)
  An orc warrior (D:6)
  An ogre (D:4)
  A centaur (D:5)
  A big kobold (D:7)
  2 bullfrogs (D:6)
  A scorpion (D:6)
  A howler monkey (D:6)
  A wasp zombie (D:6)
  2 orc priests
  3 orc wizards
  3 worker ants (D:6)
  2 iguanas
  2 hound zombies
  A gnoll (D:5)
  2 adders
  A shadow imp (D:6)
  An ooze (D:3)
  2 leopard geckos (D:4)
  20 orcs
  2 giant cockroaches (D:4)
  A goblin (D:3)
  A hobgoblin (D:1)
  4 jackals (D:6)
  3 kobolds (D:7)
  2 quokkas
  A ball python skeleton (D:5)
  A bat (D:1)
  A jackal skeleton (D:4)
  A leopard gecko skeleton (D:4)
  A quokka skeleton (D:5)
67 creatures vanquished.

Vanquished Creatures (collateral kills)
  An orc wizard (D:7)
  An orc (D:7)
2 creatures vanquished.

Vanquished Creatures (others)
  4 slaves (D:6)
4 creatures vanquished.

Grand Total: 73 creatures vanquished

Notes
Turn   | Place    | Note
-------+----------+-------------------------------------------
     0 | D:1      | Amnesiac the Mummy Artificer began the quest for the Orb.
     0 | D:1      | Reached XP level 1. HP: 15/15 MP: 2/2
    28 | D:1      | Reached skill level 1 in Short Blades
   227 | D:3      | Reached XP level 2. HP: 21/21 MP: 4/4
   242 | D:3      | Reached skill level 3 in Evocations
   625 | D:4      | Noticed a scorpion
   639 | D:4      | Reached XP level 3. HP: 26/26 MP: 5/5
   739 | D:4      | Found a sparkling altar of Nemelex Xobeh.
   758 | D:4      | Noticed an ogre
   787 | D:4      | Killed an ogre
   787 | D:4      | Reached skill level 4 in Evocations
   787 | D:4      | Reached XP level 4. HP: 32/32 MP: 5/7
   962 | D:4      | HP: 1/32 [iguana (8)]
   968 | D:4      | Reached XP level 5. HP: 1/37 MP: 2/8
  1318 | D:5      | Entered Level 5 of the Dungeon
  1430 | D:5      | Noticed a centaur
  1453 | D:5      | Killed a centaur
  1453 | D:5      | Reached skill level 5 in Evocations
  1678 | D:5      | Reached XP level 6. HP: 40/43 MP: 10/10
  1779 | D:5      | You fall through a shaft!
  2084 | D:6      | Noticed an orc warrior
  2157 | D:6      | Killed an orc warrior
  2157 | D:6      | Reached skill level 6 in Evocations
  2409 | D:6      | Found Jyasidgh's General Store.
  2518 | D:6      | Reached XP level 7. HP: 24/48 MP: 4/12
  2872 | D:6      | Noticed Pikel
  2961 | D:6      | Killed Pikel
  2961 | D:6      | Reached skill level 7 in Evocations
  3931 | D:7      | Reached skill level 8 in Evocations
  3946 | D:7      | Noticed Duvessa
  3946 | D:7      | Noticed Dowan
  4194 | D:6      | Reached XP level 8. HP: 54/54 MP: 4/14
  4764 | D:7      | Slain by an ogre

Vault maps used:
D:1:      minmay_arrival_semitransparent
D:3:      good_gods_temple_1, tgw_xom
D:4:      nemelex_altar_shiori, first_bread
D:6:      serial_shops, shop, uniq_pikel
D:7:      uniq_duvessa

Skill      XL: |  1  2  3  4  5  6  7 |
---------------+----------------------+-----
Short Blades   | 1 |  1.0
Evocations     | 3 4 5 6 8 |  8.7
Fighting       | |  1.0
Dodging        | |  1.5
Stealth        | |  0.8

Action                   |  1- 3 |  4- 6 |  7- 9 || total
-------------------------+-------+-------+-------++-------
Melee: Short sword       |    47 |     5 |       ||    52
       Whip              |       |    94 |   188 ||   282
       Dagger            |       |    59 |       ||    59
Throw: Javelin           |       |     2 |     1 ||     3
Evoke: Wand              |     5 |     9 |    13 ||    27
 Stab: Sleeping          |     2 |       |       ||     2
Armor: Leather armour    |    10 |     2 |       ||    12
       Chain mail        |       |   117 |   111 ||   228
Dodge: Dodged            |    26 |    55 |    62 ||   143
